 Dungeon Crawl Stone Soup version 0.21.1-1-g345015f (webtiles) character file.

11830 nicolaieve the Severer (level 11, -3/150 HPs)
             Began as a Minotaur Berserker on July 19, 2018.
             Was a High Priest of Trog.
             Slain by a two-headed ogre
             ... wielding a +0 giant spiked club
              (19 damage)
             ... on level 11 of the Dungeon.
             The game lasted 00:46:26 (8448 turns).

nicolaieve the Severer (Minotaur Berserker)         Turns: 8448, Time: 00:46:27

Health: -3/150     AC: 25    Str: 25    XL:     11   Next: 54%
Magic:  10/10      EV:  2    Int:  4    God:    Trog [*****.]
Gold:   428        SH:  0    Dex: 10    Spells: 10/10 levels left

rFire    . . .     SeeInvis .   G - +1 war axe (pain)
rCold    . . .     Gourm    .   (no shield)
rNeg     + + +     Faith    .   (armour currently unavailable)
rPois    +         Spirit   .   (helmet currently unavailable)
rElec    .         Reflect  .   (cloak currently unavailable)
rCorr    .         Harm     .   (gloves currently unavailable)
MR       +++..     NoTele   +   (boots currently unavailable)
Stlth    +.........             (no amulet)
HPRegen  1.35/turn              a - ring of poison resistance
MPRegen  0.12/turn              l - ring of protection from magic

@: tree-form, berserk cooldown, regenerating, slowed, very slow
A: (retaliatory headbutt)
a: Berserk, Trog's Hand, Brothers in Arms, Burn Spellbooks, Renounce Religion


You were on level 11 of the Dungeon.
You worshipped Trog.
Trog was extremely pleased with you.
You were hungry.
You were a tree.
You visited 1 branch of the dungeon, and saw 11 of its levels.
You also visited: Sewer.

You collected 593 gold pieces.
You spent 165 gold pieces at shops.

Inventory:

Hand Weapons
 u - a +0 broad axe
 B - a +1 flail of crushing
 G - a +1 war axe of pain (weapon)
Armour
 o - a +0 plate armour (melded)
 z - a +0 pair of boots (melded)
 F - a +2 pair of gloves (melded)
Jewellery
 a - a ring of poison resistance (left branch)
 f - an uncursed ring of resist corrosion
 l - a ring of protection from magic (right branch)
 s - a +3 ring of intelligence {unknown}
 y - an uncursed ring of see invisible
 J - an uncursed ring of protection from fire
Wands
 b - a wand of flame (24)
 j - a wand of iceblast (14)
Scrolls
 e - 11 scrolls of teleportation {unknown}
 g - 2 scrolls of blinking
 i - 7 scrolls of remove curse {unknown}
 m - 2 scrolls of magic mapping
 q - a scroll of fog
 r - 3 scrolls of immolation {unknown}
 C - a scroll of brand weapon
 D - 2 scrolls of enchant weapon {unknown}
 H - 3 scrolls of enchant armour {unknown}
 I - a scroll of fear
 K - a scroll of silence
 L - 2 scrolls of amnesia {unknown}
Potions
 k - 3 potions of flight
 n - 2 potions of cancellation
 p - 4 potions of heal wounds
 t - 5 potions of might
 v - 3 potions of curing
 x - 2 potions of agility
 E - 3 potions of mutation
Comestibles
 c - 12 rations
 d - 8 chunks of flesh


   Skills:
 + Level 10.2 Fighting
 * Level 16.5 Axes
 + Level 10.2 Armour
 - Level 2.1 Dodging


You had 10 spell levels left.
You didn't know any spells.

Dungeon Overview and Level Annotations

Branches:
Dungeon (11/15)            Temple (0/1) D:4            Lair (0/6) D:11
    Orc (0/2) D:10

Altars:
Ashenzari
Cheibriados
Dithmenos
Hepliaklqana
Makhleb
Nemelex Xobeh
Okawaru
Qazlal
Ru
Sif Muna
Trog
Uskayaw

Shops:
D:7 [   D:8 :

Annotations:
D:10 dscm's ghost, journeyman OpFi


Innate Abilities, Weirdness & Mutations

((You reflexively headbutt those who attack you in melee.))
((You have a pair of horns on your head.))


Message History

The two-headed ogre is almost dead.
The two-headed ogre hits you but does no damage. x2
Unknown command.
You slash the two-headed ogre!
The two-headed ogre is almost dead.
Unknown command.
You barely miss the two-headed ogre.
The two-headed ogre is almost dead.
The two-headed ogre hits you with a giant spiked club.
* * * LOW HITPOINT WARNING * * *
The two-headed ogre barely misses you.
Unknown command.
You barely miss the two-headed ogre.
The two-headed ogre is almost dead.
The two-headed ogre hits you but does no damage. x2
Unknown command.
You hit the two-headed ogre.
The two-headed ogre is almost dead.
The two-headed ogre hits you with a giant spiked club!!
You die...

#..
#.#
#.#
#.#
#.#
#.#
#O#
#♣#
#.#
#.#
#.#
#.#
#.#
#.#
#.#
#.#


You could see a two-headed ogre.

Vanquished Creatures
  Harold (D:10)
  3 two-headed ogres
  The ghost of tminei the Cleaver, a novice MiBe of Trog (D:9)
  An ugly thing (D:11)
  Joseph (D:8)
  A cyclops (D:10)
  Psyche (D:9)
  2 trolls (D:9)
  3 hippogriffs
  10 yaks
  A hungry ghost (D:11)
  2 water moccasins
  A sky beast (D:5)
  4 ice beasts
  4 orc warriors
  A hornet zombie (D:8)
  2 black bears
  An ogre (D:8)
  6 centaurs
  A crocodile (D:11)
  A big kobold (Sewer)
  A bullfrog (D:7)
  A water moccasin zombie (D:8)
  A gnoll sergeant (D:11)
  A wyvern skeleton (D:10)
  2 scorpions
  10 killer bees (D:7)
  A crimson imp (D:5)
  2 bullfrog zombies
  5 jellies
  2 centaur zombies
  7 hounds
  A bullfrog skeleton (D:5)
  8 orc priests
  A centaur skeleton (D:8)
  6 orc wizards
  Jessica (D:2)
  A gnoll shaman (D:7)
  4 iguanas
  10 worker ants
  A hound skeleton (D:4)
  A worker ant zombie (D:11)
  16 gnolls
  11 adders
  7 river rats
  4 shadow imps
  6 oozes
  2 adder skeletons (D:5)
  2 worms
  2 dart slugs
  5 leopard geckos
  28 orcs
  6 ball pythons
  6 giant cockroaches
  5 goblins
  6 hobgoblins
  5 jackals
  4 quokkas
  8 bats
  6 frilled lizards
  29 kobolds
  A leopard gecko skeleton (D:4)
  2 quokka skeletons
  27 rats
303 creatures vanquished.

Notes
Turn   | Place    | Note
-------+----------+-------------------------------------------
     0 | D:1      | nicolaieve the Minotaur Berserker began the quest for the Orb.
     0 | D:1      | Reached XP level 1. HP: 19/19 MP: 0/0
   203 | D:1      | Reached skill level 4 in Axes
   253 | D:1      | Reached XP level 2. HP: 16/26 MP: 1/1
   712 | D:2      | Reached skill level 5 in Axes
   730 | D:2      | Reached XP level 3. HP: 31/31 MP: 2/2
   757 | D:2      | Found a shadowy altar of Dithmenos.
   857 | D:2      | Noticed Jessica
   858 | D:2      | Killed Jessica
   858 | D:2      | Reached ** piety under Trog
   858 | D:2      | Reached skill level 6 in Axes
   858 | D:2      | Reached XP level 4. HP: 39/39 MP: 3/3
   860 | D:2      | Found a shattered altar of Ashenzari.
   870 | D:2      | Found an iron altar of Okawaru.
  1225 | D:2      | Found a burning altar of Makhleb.
  1811 | D:3      | Reached XP level 5. HP: 45/45 MP: 4/4
  1818 | D:3      | Reached skill level 7 in Axes
  1833 | D:3      | Found a hazy altar of Hepliaklqana.
  1959 | D:3      | Found a glowing drain.
  1963 | Sewer    | Entered a sewer
  2012 | Sewer    | Reached skill level 8 in Axes
  2058 | Sewer    | Reached *** piety under Trog
  2140 | Sewer    | Reached XP level 6. HP: 51/51 MP: 5/5
  2307 | Sewer    | Reached **** piety under Trog
  2709 | D:4      | Found a staircase to the Ecumenical Temple.
  2720 | D:4      | Reached skill level 9 in Axes
  2931 | D:4      | Found a deep blue altar of Sif Muna.
  3060 | D:4      | Reached XP level 7. HP: 57/57 MP: 6/6
  3299 | D:5      | Entered Level 5 of the Dungeon
  3360 | D:5      | Reached skill level 10 in Axes
  3670 | D:6      | Reached skill level 11 in Axes
  3712 | D:6      | Reached XP level 8. HP: 9/64 MP: 7/7
  3893 | D:7      | Reached skill level 12 in Axes
  4052 | D:6      | Found a sparkling altar of Nemelex Xobeh.
  4186 | D:6      | Reached skill level 13 in Axes
  4422 | D:6      | Found an iron altar of Okawaru.
  4550 | D:6      | Found a bloodstained altar of Trog.
  4762 | D:7      | HP: 3/64 [poisoned by a killer bee]
  4884 | D:7      | Found Goqu's Armour Shoppe.
  4894 | D:7      | Reached XP level 9. HP: 32/70 MP: 8/8
  4895 | D:7      | Bought a +2 pair of gloves for 165 gold pieces
  5141 | D:7      | Found a stormy altar of Qazlal.
  5229 | D:8      | Reached skill level 14 in Axes
  5267 | D:8      | Found Zethedar's Book Emporium.
  5453 | D:8      | Found a sacrificial altar of Ru.
  5461 | D:8      | Reached ***** piety under Trog
  5514 | D:8      | Noticed a two-headed ogre
  5520 | D:8      | Killed a two-headed ogre
  5520 | D:8      | Reached skill level 5 in Fighting
  5520 | D:8      | Reached skill level 15 in Axes
  5520 | D:8      | Reached skill level 5 in Armour
  5608 | D:8      | Noticed Joseph
  5621 | D:8      | Killed Joseph
  5631 | D:8      | Found a shadowy altar of Dithmenos.
  5638 | D:8      | Reached XP level 10. HP: 70/82 MP: 9/9
  5827 | D:9      | Found a hide-covered altar of Uskayaw.
  5827 | D:9      | Noticed tminei's ghost (novice MiBe)
  5841 | D:9      | Killed tminei's ghost
  5900 | D:9      | Received a gift from Trog
  6040 | D:9      | Noticed a two-headed ogre
  6044 | D:9      | Killed a two-headed ogre
  6067 | D:9      | Noticed Psyche
  6092 | D:9      | Killed Psyche
  6095 | D:9      | Reached skill level 16 in Axes
  6368 | D:9      | Found a snail-covered altar of Cheibriados.
  6455 | D:10     | Entered Level 10 of the Dungeon
  6461 | D:10     | Reached XP level 11. HP: 94/95 MP: 10/10
  6548 | D:10     | Found a staircase to the Orcish Mines.
  6624 | D:10     | Noticed Harold
  6658 | D:11     | Found a staircase to the Lair.
  6961 | D:10     | Killed Harold
  7197 | D:10     | Noticed dscm's ghost (journeyman OpFi)
  8023 | D:11     | Noticed a two-headed ogre
  8029 | D:11     | Killed a two-headed ogre
  8291 | D:11     | Found a shadowy altar of Dithmenos.
  8293 | D:11     | Noticed a purple ugly thing
  8300 | D:11     | Received a gift from Trog
  8300 | D:11     | Reached skill level 10 in Fighting
  8305 | D:11     | Killed a purple ugly thing
  8305 | D:11     | Reached skill level 10 in Armour
  8431 | D:11     | Noticed a two-headed ogre
  8448 | D:11     | Slain by a two-headed ogre

Skill      XL: |  1  2  3  4  5  6  7  8  9 10 11 |
---------------+----------------------------------+-----
Axes           | 4 5 6 8 9 11 13 15 16 | 16.5
Armour         | 5 8 10 | 10.2
Fighting       | 5 8 10 | 10.2
Dodging        | |  2.1

Action                   |  1- 3 |  4- 6 |  7- 9 | 10-12 || total
-------------------------+-------+-------+-------+-------++-------
Melee: Hand axe          |    68 |   222 |   222 |       ||   512
       Headbutt          |     8 |    35 |    59 |    64 ||   166
       Broad axe         |       |       |    41 |       ||    41
       War axe           |       |       |    98 |   282 ||   380
Invok: Trog's Hand       |       |     1 |     3 |     6 ||    10
       Berserk           |       |       |     5 |    10 ||    15
       Burn Spellbooks   |       |       |     1 |     2 ||     3
       Brothers in Arms  |       |       |       |     1 ||     1
  Use: Scroll            |       |       |       |    17 ||    17
       Potion            |       |       |       |     5 ||     5
 Stab: Paralysed         |       |       |     1 |       ||     1
  Eat: Chunk             |       |     8 |    11 |    17 ||    36
       Ration            |       |       |     1 |     1 ||     2
Armor: Animal skin       |    22 |     3 |       |       ||    25
       Plate armour      |       |    93 |   192 |   138 ||   423
       Ring mail         |       |     7 |       |       ||     7
       Leather armour    |       |     5 |       |       ||     5
       Skin              |       |       |       |     5 ||     5
Dodge: Dodged            |    53 |   107 |   107 |    86 ||   353
